| TOP OF THE 1ST |
|
Los Angeles Dodgers batting - Pitching for Houston Astros : LHP Jesus Rios
|
|
Pitching: LHP Jesus Rios
|
|
|
Batting: RHB Billy Sample
|
0-0: Bunt missed! 0-1: Ball 1-1: Foul Ball, location: 2F 1-2: Foul Ball, location: 2F 1-2: Fly out, F9 (Flyball, 89D, EV 96.3 MPH)
|
|
Batting: RHB Carney Lansford
|
0-0: Called Strike 0-1: Ball 1-1: Swinging Strike 1-2: Ground out 6-3 (Groundball, 6, EV 106.3 MPH)
|
|
Batting: RHB Dick Davis
|
0-0: Called Strike 0-1: Foul Ball, location: 2F 0-2: SINGLE (Line Drive, 89S, EV 111.9 MPH)
|
|
Batting: RHB Jerry Keller
|
0-0: Called Strike 0-1: Called Strike 0-2: Ball 1-2: Strikes out swinging
|
| Top of the 1st over - 0 runs, 1 hit, 0 errors, 1 left on base; Los Angeles 0 - Houston 0 |
| BOTTOM OF THE 1ST |
|
Houston Astros batting - Pitching for Los Angeles Dodgers : RHP Nick Williams
|
|
Pitching: RHP Nick Williams
|
|
|
Batting: RHB Julio Franco
|
0-0: Ball 1-0: Ground out 4-3 (Groundball, 4, EV 96.9 MPH)
|
|
Batting: LHB Steve Kemp
|
0-0: Called Strike 0-1: Called Strike 0-2: SINGLE (Groundball, 56D, EV 105.0 MPH)
|
|
Batting: RHB Zail Smith
|
0-0: Ball 1-0: Swinging Strike 1-1: Foul Ball, location: 2F 1-2: Ball 2-2: Foul Ball, location: 2F 2-2: Fly out, F7 (Flyball, 7D, EV 103.8 MPH)
|
|
Batting: RHB John Castino
|
0-0: Ball 1-0: Ball 2-0: Foul Ball, location: 2F 2-1: Called Strike 2-2: DOUBLE (Flyball, 8LXD, EV 92.5 MPH) Steve Kemp to third Runner from 3rd tries for Home, SAFE, throw by CF to home
|
|
Batting: SHB Christopher Clark
|
0-0: Ball 1-0: Ball 2-0: Foul Ball, location: 2F 2-1: Ball 3-1: Swinging Strike 3-2: Strikes out swinging
|
| Bottom of the 1st over - 1 run, 2 hits, 0 errors, 1 left on base; Los Angeles 0 - Houston 1 |
| TOP OF THE 2ND |
|
Los Angeles Dodgers batting - Pitching for Houston Astros : LHP Jesus Rios
|
|
Batting: RHB Barry Evans
|
0-0: Ball 1-0: Swinging Strike 1-1: Ball 2-1: Ground out 5-3 (Groundball, 5S, EV 66.9 MPH)
|
|
Batting: RHB Roberto Reyes
|
0-0: Fly out, F9 (Flyball, 89M, EV 90.0 MPH)
|
|
Batting: SHB Spike Owen
|
0-0: Fly out, F9 (Flyball, 89D, EV 98.8 MPH)
|
| Top of the 2nd over - 0 runs, 0 hits, 0 errors, 0 left on base; Los Angeles 0 - Houston 1 |
| BOTTOM OF THE 2ND |
|
Houston Astros batting - Pitching for Los Angeles Dodgers : RHP Nick Williams
|
|
Batting: LHB Jose Cruz
|
0-0: Called Strike 0-1: Ground out 4-3 (Groundball, 4, EV 106.9 MPH)
|
|
Batting: SHB Bill D Doran
|
0-0: Called Strike 0-1: Swinging Strike 0-2: Ball 1-2: Ball 2-2: Ball 3-2: Foul Ball, location: 2F 3-2: Foul Ball, location: 2F 3-2: Foul Ball, location: 2F 3-2: Base on Balls
|
|
Batting: LHB Jerry Narron
|
0-0: Ball 1-0: Ball 2-0: Ball 3-0: Called Strike 3-1: Foul Ball, location: 2F 3-2: Strikes out looking
|
|
Batting: LHB Jesus Rios
|
0-0: Fielders Choice at 2nd, 5-4 (Groundball, 56, EV 88.1 MPH)
|
| Bottom of the 2nd over - 0 runs, 0 hits, 0 errors, 1 left on base; Los Angeles 0 - Houston 1 |
| TOP OF THE 3RD |
|
Los Angeles Dodgers batting - Pitching for Houston Astros : LHP Jesus Rios
|
|
Batting: RHB Dennis Littlejohn
|
0-0: Called Strike 0-1: Ball 1-1: Ground out 4-3 (Groundball, 4, EV 93.8 MPH)
|
|
Batting: RHB Nick Williams
|
0-0: Called Strike 0-1: SINGLE (Groundball, 4MD, EV 95.0 MPH)
|
|
Batting: RHB Billy Sample
|
0-0: Ball 1-0: Foul Ball, location: 2F 1-1: Fielders Choice at 2nd, 3-6 (Groundball, 34S, EV 85.6 MPH)
|
|
Batting: RHB Carney Lansford
|
0-0: Foul Ball, location: 2F 0-1: Ball 1-1: Swinging Strike 1-2: Ball 2-2: SINGLE (Line Drive, 9S, EV 89.4 MPH) Billy Sample to second Runner from 2nd tries for 3rd, SAFE, no throw by RF
|
|
Batting: RHB Dick Davis
|
0-0: 3-RUN HOME RUN (Flyball, 7D, EV 103.8 MPH), Distance : 413 ft
|
|
Batting: RHB Jerry Keller
|
0-0: Ball 1-0: Ball 2-0: Called Strike 2-1: SINGLE (Line Drive, 9S, EV 98.8 MPH)
|
|
Batting: RHB Barry Evans
|
0-0: Foul Ball, location: 2F 0-1: Ball 1-1: Ball 2-1: Ball 3-1: Swinging Strike 3-2: SINGLE (Flyball, 56D, EV 91.9 MPH) Jerry Keller to second Jerry Keller to third
|
|
Batting: RHB Roberto Reyes
|
0-0: Ball 1-0: Fly out, F8 (Flyball, 78D, EV 103.8 MPH)
|
| Top of the 3rd over - 3 runs, 5 hits, 0 errors, 2 left on base; Los Angeles 3 - Houston 1 |
| BOTTOM OF THE 3RD |
|
Houston Astros batting - Pitching for Los Angeles Dodgers : RHP Nick Williams
|
|
Batting: RHB Julio Franco
|
0-0: SINGLE (Line Drive, 89M, EV 101.3 MPH)
|
|
Batting: LHB Steve Kemp
|
0-0: Called Strike 0-1: Called Strike 0-2: Reached on error, E3 (Groundball, 3, EV 90.0 MPH) Julio Franco to second
|
|
Batting: RHB Zail Smith
|
0-0: Ball 1-0: Called Strike 1-1: Ball 2-1: Ball 3-1: Called Strike 3-2: Fly out, F8 (Flyball, 8LD, EV 100.0 MPH)
|
|
Batting: RHB John Castino
|
0-0: Called Strike 0-1: Foul Ball, location: 2F 0-2: Ball 1-2: Ball 2-2: Strikes out looking
|
|
Batting: SHB Christopher Clark
|
0-0: Called Strike 0-1: Ball 1-1: Foul Ball, location: 2F 1-2: Foul Ball, location: 2F 1-2: Foul Ball, location: 2F 1-2: Ball 2-2: Ball 3-2: Fly out, F8 (Flyball, 8RD, EV 106.9 MPH)
|
| Bottom of the 3rd over - 0 runs, 1 hit, 1 error, 2 left on base; Los Angeles 3 - Houston 1 |
| TOP OF THE 4TH |
|
Los Angeles Dodgers batting - Pitching for Houston Astros : LHP Jesus Rios
|
|
Batting: SHB Spike Owen
|
0-0: Ball 1-0: Ball 2-0: Foul Ball, location: 2F 2-1: Foul Ball, location: 2F 2-2: Foul Ball, location: 2F 2-2: Foul Ball, location: 2F 2-2: Foul Ball, location: 2F 2-2: Strikes out swinging
|
|
Batting: RHB Dennis Littlejohn
|
0-0: Foul Ball, location: 2F 0-1: Ball 1-1: Called Strike 1-2: Strikes out swinging
|
|
Batting: RHB Nick Williams
|
0-0: Called Strike 0-1: Ball 1-1: Ball 2-1: Called Strike 2-2: Ball 3-2: Foul Ball, location: 2F 3-2: Strikes out swinging
|
| Top of the 4th over - 0 runs, 0 hits, 0 errors, 0 left on base; Los Angeles 3 - Houston 1 |
| BOTTOM OF THE 4TH |
|
Houston Astros batting - Pitching for Los Angeles Dodgers : RHP Nick Williams
|
|
Batting: LHB Jose Cruz
|
0-0: SINGLE (Line Drive, 7S, EV 91.3 MPH)
|
|
Batting: SHB Bill D Doran
|
0-0: Called Strike 0-1: Foul Ball, location: 2F 0-2: SINGLE (Groundball, 4M, EV 91.9 MPH) (infield hit) Jose Cruz to second
|
|
Batting: LHB Jerry Narron
|
0-0: Foul Ball, location: 2F 0-1: Foul Ball, location: 2F 0-2: Ball 1-2: Ball 2-2: Fly out, F9 (Flyball, 89M, EV 86.9 MPH)
|
|
Batting: LHB Jesus Rios
|
0-0: Bunted foul 0-1: Sac Bunt to 13 - play at first, batter OUT! 1-4 Jose Cruz to third Bill D Doran to second
|
|
Batting: RHB Julio Franco
|
0-0: Ball 1-0: Ball 2-0: Ball 3-0: Base on Balls
|
|
Batting: LHB Steve Kemp
|
0-0: Ball 1-0: Swinging Strike 1-1: Foul Ball, location: 2F 1-2: Foul Ball, location: 2F 1-2: SINGLE (Groundball, 34, EV 100.6 MPH) Jose Cruz scores Bill D Doran to third Julio Franco to second Runner from 3rd tries for Home, SAFE, throw by RF to home
|
|
Now in CF: John Almon
|
|
|
Batting: RHB Zail Smith
|
0-0: Called Strike 0-1: Swinging Strike 0-2: Ball 1-2: Foul Ball, location: 2F 1-2: Fly out, F9 (Flyball, 9D, EV 95.0 MPH)
|
| Bottom of the 4th over - 2 runs, 3 hits, 0 errors, 2 left on base; Los Angeles 3 - Houston 3 |
| TOP OF THE 5TH |
|
Los Angeles Dodgers batting - Pitching for Houston Astros : LHP Jesus Rios
|
|
Batting: RHB Billy Sample
|
0-0: Ball 1-0: Called Strike 1-1: Ball 2-1: Fly out, F8 (Flyball, 8LM, EV 86.9 MPH)
|
|
Batting: RHB Carney Lansford
|
0-0: Called Strike 0-1: Ground out 6-3 (Groundball, 56D, EV 80.0 MPH)
|
|
Batting: RHB Dick Davis
|
0-0: Called Strike 0-1: SOLO HOME RUN (Flyball, 7D, EV 101.3 MPH), Distance : 371 ft
|
|
Batting: RHB Jerry Keller
|
0-0: Ball 1-0: Ball 2-0: Ball 3-0: Base on Balls
|
|
Batting: RHB Barry Evans
|
0-0: Called Strike 0-1: Ball 1-1: Called Strike 1-2: SINGLE (Groundball, 34S, EV 83.1 MPH) (infield hit) Jerry Keller to second
|
|
Batting: RHB John Almon
|
0-0: Ball 1-0: Called Strike 1-1: Ball 2-1: Ball 3-1: Called Strike 3-2: Foul Ball, location: 2F 3-2: Base on Balls Jerry Keller to third Barry Evans to second
|
|
Batting: SHB Spike Owen
|
0-0: Ball 1-0: Called Strike 1-1: Ball 2-1: Foul Ball, location: 2F 2-2: Foul Ball, location: 2F 2-2: Ball 3-2: Foul Ball, location: 2F 3-2: SINGLE (Groundball, 5D, EV 95.6 MPH) Jerry Keller scores Barry Evans to third John Almon to second Barry Evans scores John Almon to third
|
|
Pitching: RHP Ramon Molina
|
|
|
Batting: RHB Dennis Littlejohn
|
0-0: Ball 1-0: Called Strike 1-1: Called Strike 1-2: Ball 2-2: Foul Ball, location: 2F 2-2: Foul Ball, location: 2F 2-2: Ball 3-2: Fly out, F4 (Line Drive, 4, EV 71.9 MPH)
|
| Top of the 5th over - 3 runs, 3 hits, 0 errors, 2 left on base; Los Angeles 6 - Houston 3 |
| BOTTOM OF THE 5TH |
|
Houston Astros batting - Pitching for Los Angeles Dodgers : RHP Nick Williams
|
|
Batting: RHB John Castino
|
0-0: Ball 1-0: Swinging Strike 1-1: Foul Ball, location: 2F 1-2: Foul Ball, location: 2F 1-2: Ground out 1-3 (Groundball, 13S, EV 65.0 MPH)
|
|
Batting: SHB Christopher Clark
|
0-0: Foul Ball, location: 2F 0-1: Ball 1-1: Ground out 6-3 (Groundball, 6M, EV 91.9 MPH)
|
|
Batting: LHB Jose Cruz
|
0-0: Ball 1-0: Called Strike 1-1: Foul Ball, location: 2F 1-2: Ball 2-2: Ground out 5-3 (Groundball, 56, EV 78.8 MPH)
|
| Bottom of the 5th over - 0 runs, 0 hits, 0 errors, 0 left on base; Los Angeles 6 - Houston 3 |
| TOP OF THE 6TH |
|
Los Angeles Dodgers batting - Pitching for Houston Astros : RHP Ramon Molina
|
|
Batting: RHB Nick Williams
|
0-0: Called Strike 0-1: Ball 1-1: SINGLE (Groundball, 34S, EV 84.4 MPH) (infield hit)
|
|
Batting: RHB Billy Sample
|
0-0: Called Strike 0-1: Ball 1-1: Foul Ball, location: 2F 1-2: Ball 2-2: Foul Ball, location: 2F 2-2: Ball 3-2: Base on Balls Nick Williams to second
|
|
Batting: RHB Carney Lansford
|
0-0: Called Strike 0-1: Ball 1-1: Ball 2-1: SINGLE (Flyball, 89S, EV 83.8 MPH) Nick Williams to third Billy Sample to second Runner from 3rd tries for Home, throw by RF and OUT! 9-2
|
|
Batting: RHB Dick Davis
|
0-0: Ball 1-0: Ball 2-0: Ball 3-0: Called Strike 3-1: Called Strike 3-2: Base on Balls Billy Sample to third Carney Lansford to second
|
|
Batting: RHB Jerry Keller
|
0-0: Ball 1-0: Swinging Strike 1-1: Swinging Strike 1-2: Strikes out swinging
|
|
Batting: RHB Barry Evans
|
0-0: Foul Ball, location: 2F 0-1: Foul Ball, location: 2F 0-2: Ball 1-2: SINGLE (Line Drive, 89S, EV 102.5 MPH) Billy Sample scores Carney Lansford to third Dick Davis to second Runner from 3rd tries for Home, SAFE, throw by RF to home
|
|
Batting: RHB John Almon
|
0-0: Ball 1-0: Ball 2-0: Ball 3-0: Base on Balls Dick Davis to third Barry Evans to second
|
|
Batting: SHB Spike Owen
|
0-0: Ball 1-0: Called Strike 1-1: Ball 2-1: Ball 3-1: Called Strike 3-2: Ground out 6-3 (Groundball, 4MS, EV 71.3 MPH)
|
| Top of the 6th over - 2 runs, 3 hits, 0 errors, 3 left on base; Los Angeles 8 - Houston 3 |
| BOTTOM OF THE 6TH |
|
Houston Astros batting - Pitching for Los Angeles Dodgers : RHP Nick Williams
|
|
Batting: SHB Bill D Doran
|
0-0: Ball 1-0: Called Strike 1-1: Ball 2-1: Foul Ball, location: 2F 2-2: Foul Ball, location: 2F 2-2: Ball 3-2: Fly out, F7 (Flyball, 7, EV 83.8 MPH)
|
|
Batting: LHB Jerry Narron
|
0-0: Fly out, F8 (Flyball, 8RD, EV 93.1 MPH)
|
|
Pinch Hitting: RHB Mickey Hatcher
|
0-0: Ball 1-0: Swinging Strike 1-1: Called Strike 1-2: Ball 2-2: Ground out 1-3 (Groundball, 34S, EV 66.9 MPH)
|
| Bottom of the 6th over - 0 runs, 0 hits, 0 errors, 0 left on base; Los Angeles 8 - Houston 3 |
| TOP OF THE 7TH |
|
Los Angeles Dodgers batting - Pitching for Houston Astros : RHP Ramon Molina
|
|
Pitching: RHP Joe McIntosh
|
|
|
Batting: RHB Dennis Littlejohn
|
0-0: Ball 1-0: Swinging Strike 1-1: Ground out 1-3 (Groundball, 13S, EV 67.5 MPH)
|
|
Pinch Hitting: SHB Chris W Smith
|
0-0: Ball 1-0: SINGLE (Flyball, 3D, EV 92.5 MPH)
|
|
Batting: RHB Billy Sample
|
0-0: Called Strike Chris W Smith steals 2nd, throwing error, E2 Chris W Smith to third 0-1: Ball 1-1: Called Strike 1-2: Foul Ball, location: 2F 1-2: Strikes out swinging
|
|
Batting: RHB Carney Lansford
|
0-0: Called Strike 0-1: Ball 1-1: Foul Ball, location: 2F 1-2: Foul Ball, location: 2F 1-2: Fly out, F7 (Flyball, 7D, EV 85.6 MPH)
|
| Top of the 7th over - 0 runs, 1 hit, 1 error, 1 left on base; Los Angeles 8 - Houston 3 |
| BOTTOM OF THE 7TH |
|
Houston Astros batting - Pitching for Los Angeles Dodgers : RHP Nick Williams
|
|
Pitching: RHP Robert Polinsky
|
|
|
Batting: RHB Julio Franco
|
0-0: Swinging Strike 0-1: Ball 1-1: Foul Ball, location: 2F 1-2: Ball 2-2: Ground out 6-3 (Groundball, 6, EV 78.8 MPH)
|
|
Batting: LHB Steve Kemp
|
0-0: Ball 1-0: Ball 2-0: Foul Ball, location: 2F 2-1: Ball 3-1: TRIPLE (Flyball, 89XD, EV 100.6 MPH)
|
|
Batting: RHB Zail Smith
|
0-0: Ball 1-0: Foul Ball, location: 2F 1-1: Foul Ball, location: 2F 1-2: Fly out, F7 (Flyball, 7, EV 75.0 MPH) Runner from 3rd tags up, SCORES, throw by LF
|
|
Batting: RHB John Castino
|
0-0: Ball 1-0: Ball 2-0: Swinging Strike 2-1: Ground out 6-3 (Groundball, 6, EV 86.3 MPH)
|
| Bottom of the 7th over - 1 run, 1 hit, 0 errors, 0 left on base; Los Angeles 8 - Houston 4 |
| TOP OF THE 8TH |
|
Los Angeles Dodgers batting - Pitching for Houston Astros : RHP Joe McIntosh
|
|
Batting: RHB Dick Davis
|
0-0: Called Strike 0-1: Swinging Strike 0-2: Foul Ball, location: 2F 0-2: Strikes out swinging
|
|
Batting: RHB Jerry Keller
|
0-0: Foul Ball, location: 2F 0-1: Ball 1-1: Ball 2-1: Ball 3-1: Foul Ball, location: 2F 3-2: Base on Balls
|
|
Batting: RHB Barry Evans
|
0-0: SINGLE (Groundball, 34D, EV 107.5 MPH) Jerry Keller to second
|
|
Batting: RHB John Almon
|
0-0: Called Strike 0-1: Called Strike 0-2: Ball 1-2: Foul Ball, location: 2F 1-2: Strikes out swinging
|
|
Batting: SHB Spike Owen
|
0-0: Ball 1-0: Fielders Choice at 2nd, 6-4 (Groundball, 6, EV 87.5 MPH)
|
| Top of the 8th over - 0 runs, 1 hit, 0 errors, 2 left on base; Los Angeles 8 - Houston 4 |
| BOTTOM OF THE 8TH |
|
Houston Astros batting - Pitching for Los Angeles Dodgers : RHP Robert Polinsky
|
|
Batting: SHB Christopher Clark
|
0-0: Called Strike 0-1: Ball 1-1: Ground out 4-3 (Groundball, 4S, EV 85.6 MPH)
|
|
Batting: LHB Jose Cruz
|
0-0: Ball 1-0: Ball 2-0: Foul Ball, location: 2F 2-1: Foul Ball, location: 2F 2-2: Ground out 6-3 (Groundball, 6, EV 108.1 MPH)
|
|
Batting: SHB Bill D Doran
|
0-0: Ball 1-0: Swinging Strike 1-1: Ball 2-1: Foul Ball, location: 2F 2-2: Strikes out swinging
|
| Bottom of the 8th over - 0 runs, 0 hits, 0 errors, 0 left on base; Los Angeles 8 - Houston 4 |
| TOP OF THE 9TH |
|
Los Angeles Dodgers batting - Pitching for Houston Astros : RHP Joe McIntosh
|
|
Batting: RHB Dennis Littlejohn
|
0-0: Called Strike 0-1: Ball 1-1: Fly out, F9 (Flyball, 89D, EV 92.5 MPH)
|
|
Pinch Hitting: LHB Ronald Jackson
|
0-0: Called Strike 0-1: SOLO HOME RUN (Flyball, 89XD, EV 91.3 MPH), Distance : 447 ft
|
|
Batting: RHB Billy Sample
|
0-0: Swinging Strike 0-1: Swinging Strike 0-2: Ball 1-2: Ball 2-2: Strikes out swinging
|
|
Batting: RHB Carney Lansford
|
0-0: Ball 1-0: Ball 2-0: Foul Ball, location: 2F 2-1: Foul Ball, location: 2F 2-2: Ball 3-2: Fly out, F8 (Flyball, 8RD, EV 89.4 MPH)
|
| Top of the 9th over - 1 run, 1 hit, 0 errors, 0 left on base; Los Angeles 9 - Houston 4 |
| BOTTOM OF THE 9TH |
|
Houston Astros batting - Pitching for Los Angeles Dodgers : RHP Robert Polinsky
|
|
Pitching: RHP Steve Foucault
|
|
|
Batting: LHB Jerry Narron
|
0-0: Called Strike 0-1: Swinging Strike 0-2: Strikes out swinging, 2-3 out at first.
|
|
Pinch Hitting: LHB George Vukovich
|
0-0: Ball 1-0: Fly out, F4 (Popup, 4M, EV 75.0 MPH)
|
|
Batting: RHB Julio Franco
|
0-0: Ball 1-0: Called Strike 1-1: Ball 2-1: Ball 3-1: Ground out 6-3 (Groundball, 6M, EV 101.3 MPH)
|
| Bottom of the 9th over - 0 runs, 0 hits, 0 errors, 0 left on base; Los Angeles 9 - Houston 4 |
|